Map: Prion Terraces

Players

Neeblet (Neeb) - Winner!

  • Race: Protoss Protoss
  • League: Grandmaster

Dayshi

  • Race: Terran Terran
  • League: Grandmaster

Event: DreamHack ZOWIE Open Leipzig

VOD

Have the link to the VOD?

Description

Time

  • Played on: Jan. 22, 2016, 12:13 p.m.
  • Length: 9:06

All games in this series

Show
View Real Time Build Order
Export as new Build Order

Neeblet Protoss - Winner!

Build Orders: 1 Gate Expand, Phoenix Opening 

Get SALT Encoding   

  12  0:01  Probe (Chrono Boost)  
  13  0:11  Probe (Chrono Boost)  
  14  0:17  Pylon  
  14  0:22  Probe (Chrono Boost)  
  15  0:36  Probe (Chrono Boost)  
  15  0:38  Gateway  
  16  0:46  Probe (Chrono Boost)  
  18  0:57  Probe (Chrono Boost)  
  18  0:58  Assimilator  
  18  1:07  Probe (Chrono Boost)  
  19  1:18  Nexus  
  19  1:27  Cybernetics Core  
  19  1:31  Probe (Chrono Boost)  
  20  1:37  Assimilator  
  20  1:41  Probe (Chrono Boost)  
  21  1:49  Pylon  
  21  1:52  Probe (Chrono Boost)  
  22  2:02  Probe (Chrono Boost)  
  22  2:03  Warp Gate  
  22  2:07  Adept (Chrono Boost)  
  25  2:13  Probe (Chrono Boost)  
  26  2:25  Probe (Chrono Boost)  
  27  2:30  Probe (Chrono Boost)  
  27  2:32  Adept  
  27  2:37  Probe (Chrono Boost)  
  31  2:40  Stargate  
  31  2:41  Probe (Chrono Boost)  
  32  2:47  Probe (Chrono Boost)  
  33  2:51  Probe (Chrono Boost)  
  33  2:58  Probe (Chrono Boost)  
  35  3:00  Robotics Facility  
  35  3:02  Probe (Chrono Boost)  
  36  3:08  Probe (Chrono Boost)  
  36  3:10  Assimilator  
  38  3:13  Probe (Chrono Boost)  
  38  3:14  Pylon  
  38  3:19  Probe (Chrono Boost)  
  39  3:21  Pylon  
  39  3:22  Probe (Chrono Boost)  
  39  3:25  Phoenix (Chrono Boost)  
  42  3:31  Assimilator  
  42  3:33  Probe  
  42  3:34  Mothership Core  
  44  3:35  Pylon  
  45  3:44  Probe  
  45  3:46  Phoenix (Chrono Boost)  
  48  3:55  Probe  
  49  3:56  Probe  
  49  3:57  Observer (Chrono Boost)  
  49  4:00  Pylon  
  51  4:03  Pylon  
  51  4:06  Phoenix  
  51  4:07  Probe  
  51  4:08  Probe  
  55  4:14  Adept  
  57  4:19  Probe  
  57  4:20  Probe  
  57  4:23  Immortal (Chrono Boost)  
  62  4:27  Phoenix  
  60  4:31  Probe  
  60  4:32  Probe  
  58  4:39  Adept  
  58  4:42  Gateway  
  58  4:43  Probe  
  58  4:44  Probe  
  62  4:46  Gateway  
  62  4:54  Phoenix  
  62  4:55  Probe  
  65  5:00  Probe  
  65  5:02  Sentry  
  72  5:07  Immortal (Chrono Boost)  
  72  5:08  Probe  
  73  5:14  Probe  
  73  5:15  Phoenix  
  73  5:20  Probe  
  77  5:26  Probe  
  78  5:30  Forge  
  78  5:32  Twilight Council  
  78  5:34  Probe  
  79  5:37  Phoenix  
  79  5:38  Probe  
  79  5:41  Immortal (Chrono Boost)  
  86  5:44  Pylon  
  86  5:49  Nexus  
  86  5:55  Pylon  
  86  5:57  Pylon  
  86  5:59  Protoss Ground Armor Level 1  
  86  6:02  Probe, Pylon  
  86  6:03  Sentry  
  89  6:05  Probe  
  90  6:14  Probe  
  90  6:16  Charge (Chrono Boost)  
  91  6:19  Phoenix  
  91  6:22  Gateway  
  91  6:24  Gateway  
  93  6:33  Gateway  
  93  6:35  Probe x2  
  93  6:37  Gateway  
  93  6:39  Gateway, Warp Prism  
  95  6:43  Sentry  
  99  6:47  Phoenix  
  101  6:56  Zealot x2  
  105  7:15  Pylon  
  105  7:16  Pylon  
  105  7:22  Zealot x5  
  115  7:29  Assimilator  
  115  7:30  Assimilator  
  115  7:32  Probe, Pylon, Photon Cannon  
  115  7:33  Probe x2  
  115  7:36  Zealot x3  
  124  7:43  Probe  
  124  7:45  Probe x2  
  124  7:48  Zealot x5  
  135  8:10  Zealot x8  
  139  8:47  Zealot x7  
  145  8:48  Zealot  
Show
View Real Time Build Order
Export as new Build Order

Dayshi Terran 

Build Orders: MMM Bio 

Get SALT Encoding   

  12  0:00  SCV  
  13  0:13  SCV  
  14  0:18  Supply Depot  
  14  0:25  SCV  
  15  0:39  SCV  
  15  0:40  Barracks  
  16  0:44  Refinery  
  16  0:51  SCV  
  17  1:03  SCV  
  18  1:15  SCV  
  19  1:27  Barracks Reactor  
  19  1:28  Orbital Command  
  19  1:39  Command Center  
  19  1:54  SCV  
  20  2:00  Supply Depot  
  20  2:03  Marine  
  20  2:04  Marine  
  20  2:06  SCV  
  23  2:11  Factory  
  23  2:18  Engineering Bay  
  23  2:30  SCV, Marine x2  
  26  2:38  Refinery  
  26  2:42  SCV  
  27  2:48  Marine  
  28  2:53  Marine  
  28  2:55  SCV, Factory Tech Lab  
  28  2:57  Starport  
  30  3:05  Orbital Command  
  30  3:12  Marine  
  31  3:17  Marine  
  31  3:19  SCV  
  33  3:26  Cyclone  
  35  3:31  SCV x2  
  35  3:34  Marine  
  38  3:36  Marine  
  39  3:45  Medivac  
  39  3:47  Supply Depot  
  41  3:50  SCV  
  41  3:51  Marine  
  41  3:52  SCV  
  41  3:54  Marine  
  45  4:03  SCV  
  45  4:07  Supply Depot  
  45  4:09  SCV, Siege Tank  
  50  4:15  SCV  
  50  4:21  SCV, Marine  
  49  4:27  SCV  
  46  4:37  Marine  
  46  4:38  SCV  
  48  4:39  Marine  
  48  4:43  Command Center  
  43  4:51  Bunker  
  43  4:53  Siege Tank  
  43  4:56  Marine  
  43  4:57  Marine  
  47  5:01  SCV x2  
  47  5:05  Missile Turret  
  49  5:08  Missile Turret  
  49  5:13  SCV  
  49  5:14  Marine  
  49  5:15  Marine  
  49  5:18  SCV  
  48  5:25  SCV  
  48  5:26  Cyclone  
  52  5:30  SCV  
  52  5:32  Marine  
  52  5:33  Marine  
  55  5:37  SCV  
  55  5:38  Barracks  
  55  5:40  Barracks  
  55  5:42  SCV  
  56  5:49  SCV  
  57  5:50  Marine  
  57  5:51  Marine  
  57  5:53  Refinery x2  
  57  5:54  SCV, Engineering Bay  
  60  5:58  Engineering Bay  
  60  6:01  SCV  
  60  6:02  Orbital Command  
  61  6:06  SCV  
  60  6:14  SCV  
  62  6:18  SCV  
  62  6:23  Terran Infantry Weapons Level 1  
  60  6:26  SCV  
  60  6:30  Terran Infantry Armor Level 1, Barracks Tech Lab, SCV  
  60  6:31  SCV  
  63  6:33  Supply Depot  
  63  6:35  Stimpack, Widow Mine  
  63  6:38  SCV, Widow Mine  
  68  6:43  SCV x2, Marauder  
  68  6:44  Starport Reactor  
  72  6:48  Barracks Reactor  
  72  6:49  Combat Shields  
  72  6:50  SCV, Marine  
  74  6:56  Barracks x2  
  74  6:59  Supply Depot  
  74  7:00  SCV x2  
  76  7:02  SCV  
  76  7:03  Marine  
  76  7:05  Supply Depot  
  77  7:10  Widow Mine x2  
  77  7:12  SCV x2  
  78  7:16  SCV  
  78  7:24  SCV x2  
  78  7:28  SCV  
  81  7:30  Orbital Command  
  81  7:32  Armory, Marauder x2  
  81  7:33  Medivac  
  81  7:36  SCV, Medivac  
  91  7:37  Marine  
  91  7:39  Marine  
  91  7:40  SCV  
  91  7:44  Missile Turret  
  93  7:46  Supply Depot  
  93  7:50  SCV  
  94  7:53  Marine x2  
  94  7:55  Marine  
  94  7:58  Widow Mine x2  
  93  8:00  SCV x2  
  93  8:03  SCV  
  100  8:11  Marauder  
  100  8:12  SCV  
  103  8:14  Barracks Reactor, Barracks Tech Lab  
  103  8:16  Concussive Shells, Marauder  
  103  8:17  Marine x2  
  106  8:21  Bunker  
  106  8:22  Bunker x2  
  106  8:23  Bunker  
  106  8:24  Missile Turret  
  102  8:32  Marauder  
  102  8:33  Marauder  
  95  8:35  Marine x2  
  95  8:37  Marauder  

Tags
 
Add a new tag
Caveats
  • Supply blocks, unpowered buildings, or Contaminate may cause inaccurate times.
  • Supply counts are checked every 10 seconds.